[ AOE2 MATCH · #482911368 ]
UnrankedWu vs Burmese
[ REPLAY ANALYSIS · EXTRACTED FROM THE RECORDED GAME ]
Feudal
—
Castle
—
Imperial
—
| APM avg | 28.1 |
| APM peak | 51 |
| eAPM avg | 14.7 |
| Villagers / military | 70 / 5 |
Focus
⚔️ 23.6% · 🌾 76.4%
Mangonel ×4 · Spearman ×1
Feudal
15:31
Castle
22:30
Imperial
—
| APM avg | 22.7 |
| APM peak | 47 |
| eAPM avg | 15.3 |
| Villagers / military | 81 / 17 |
Focus
⚔️ 24.4% · 🌾 75.6%
Cavalry Archer ×10 · Mangonel ×4 · Scorpion ×2 · Skirmisher ×1
Feudal
14:04
Castle
18:13
Imperial
—
| APM avg | 41.1 |
| APM peak | 74 |
| eAPM avg | 25.3 |
| Villagers / military | 87 / 12 |
Focus
⚔️ 17.6% · 🌾 82.4%
Knight ×6 · Monk ×4 · Mangonel ×2
Feudal
14:10
Castle
17:47
Imperial
35:20
| APM avg | 32.4 |
| APM peak | 67 |
| eAPM avg | 18.4 |
| Villagers / military | 89 / 12 |
Focus
⚔️ 40.1% · 🌾 59.9%
Konnik ×10 · Mangonel ×1 · Battering Ram ×1
Feudal
—
Castle
—
Imperial
—
| APM avg | 418.8 |
| APM peak | 1268 |
| eAPM avg | 417.6 |
| Villagers / military | 0 / 3 |
Focus
⚔️ 74.4% · 🌾 25.6%
Spearman ×3
Feudal
—
Castle
—
Imperial
—
| APM avg | 390.3 |
| APM peak | 1298 |
| eAPM avg | 390.2 |
| Villagers / military | 0 / 8 |
Focus
⚔️ 72.9% · 🌾 27.1%
Spearman ×7 · Skirmisher ×1
Feudal
—
Castle
—
Imperial
—
| APM avg | 727.7 |
| APM peak | 2186 |
| eAPM avg | 727.3 |
| Villagers / military | 0 / 3 |
Focus
⚔️ 80.8% · 🌾 19.2%
Spearman ×3
Feudal
—
Castle
—
Imperial
—
| APM avg | 458.9 |
| APM peak | 1884 |
| eAPM avg | 458.6 |
| Villagers / military | 0 / 20 |
Focus
⚔️ 79.6% · 🌾 20.4%
Spearman ×15 · Skirmisher ×4 · Archer ×1
Match map
Initial resources + every placement click. Lines = walls · curves = elevation contours. ◆ gold · ⬟ stone · ● berries · ✦ relic · ◌ wall gap
Your base· Open — 6t gap
Quagmire's base· Open — unwalled flank
W's base· Open — 12t gap
HuntTreesMineDocksBendStone's base· Open — unwalled flank
's base· Open — unwalled flank
's base· Open — unwalled flank
's base· Open — unwalled flank
's base· Open — unwalled flank
Smoothed initial terrain · ◌ = detected wall gap · hover for details
Inputs per minute
— Arawak7629 - - Quagmire
Build order — Arawak7629
First 150 of 175 actions detected
| 0:02 | Build | House |
| 0:04 | Build | House |
| 0:40 | Build | Town Center |
| 3:24 | Create | Villager (Male) |
| 3:25 | Create | Villager (Male) |
| 3:32 | Create | Villager (Male) |
| 3:32 | Create | Villager (Male) |
| 4:08 | Research | Loom |
| 5:02 | Create | Villager (Male) |
| 5:33 | Create | Villager (Male) |
| 6:05 | Create | Villager (Male) |
| 6:26 | Create | Villager (Male) |
| 6:48 | Create | Villager (Male) |
| 7:11 | Create | Villager (Male) |
| 7:53 | Build | House |
| 7:54 | Build | House |
| 7:56 | Create | Villager (Male) |
| 8:17 | Create | Villager (Male) |
| 9:00 | Create | Villager (Male) |
| 9:02 | Create | Villager (Male) |
| 9:03 | Create | Villager (Male) |
| 9:30 | Build | Mining Camp |
| 9:55 | Create | Villager (Male) |
| 9:55 | Create | Villager (Male) |
| 9:58 | Create | Villager (Male) |
| 10:21 | Create | Villager (Male) |
| 10:50 | Build | Lumber Camp |
| 10:53 | Create | Villager (Male) |
| 12:03 | Research | Feudal Age |
| 13:44 | Build | Mill |
| 13:56 | Create | Villager (Male) |
| 13:56 | Create | Villager (Male) |
| 14:23 | Build | Palisade Wall |
| 14:25 | Build | Palisade Wall |
| 14:27 | Build | Palisade Wall |
| 14:29 | Build | Palisade Wall |
| 14:30 | Build | Palisade Wall |
| 14:34 | Build | Palisade Wall |
| 14:38 | Build | Palisade Wall |
| 14:38 | Build | Palisade Wall |
| 14:47 | Create | Villager (Male) |
| 14:52 | Build | Palisade Wall |
| 15:02 | Build | Watch Tower |
| 15:03 | Build | Palisade Wall |
| 15:16 | Create | Villager (Male) |
| 15:21 | Research | Double-Bit Axe |
| 15:22 | Create | Villager (Male) |
| 15:56 | Build | Palisade Gate |
| 16:01 | Build | Palisade Wall |
| 16:03 | Build | Palisade Wall |
| 16:12 | Build | Palisade Gate |
| 16:18 | Build | Watch Tower |
| 16:23 | Create | Villager (Male) |
| 16:27 | Build | House |
| 16:28 | Build | House |
| 16:29 | Build | House |
| 16:29 | Build | House |
| 16:43 | Build | Palisade Wall |
| 16:52 | Create | Villager (Male) |
| 17:08 | Build | House |
| 17:10 | Build | Palisade Wall |
| 17:14 | Build | Palisade Gate |
| 17:16 | Build | Palisade Wall |
| 17:18 | Build | Watch Tower |
| 17:54 | Build | Watch Tower |
| 18:16 | Build | House |
| 18:19 | Create | Villager (Male) |
| 18:19 | Create | Villager (Male) |
| 18:36 | Build | Palisade Wall |
| 18:48 | Build | Market |
| 19:42 | Build | Palisade Wall |
| 19:51 | Build | House |
| 19:53 | Build | House |
| 19:54 | Build | House |
| 19:55 | Build | House |
| 20:07 | Build | House |
| 20:14 | Build | Barracks |
| 20:16 | Create | Villager (Male) |
| 20:16 | Create | Villager (Male) |
| 20:30 | Build | Farm |
| 20:31 | Build | Farm |
| 20:31 | Build | Farm |
| 20:44 | Build | House |
| 21:05 | Build | Farm |
| 21:10 | Create | Villager (Male) |
| 21:13 | Build | Farm |
| 21:14 | Build | Farm |
| 21:16 | Build | Farm |
| 21:43 | Build | Mining Camp |
| 21:46 | Create | Villager (Male) |
| 21:46 | Create | Villager (Male) |
| 21:47 | Create | Villager (Male) |
| 21:47 | Create | Villager (Male) |
| 21:48 | Create | Villager (Male) |
| 22:15 | Build | Palisade Wall |
| 22:25 | Create | Villager (Male) |
| 22:29 | Build | Farm |
| 22:30 | Build | Farm |
| 22:35 | Build | Farm |
| 23:06 | Build | Watch Tower |
| 23:17 | Build | Palisade Wall |
| 23:19 | Build | Palisade Wall |
| 23:21 | Build | Palisade Wall |
| 23:22 | Build | Palisade Wall |
| 23:31 | Create | Villager (Male) |
| 23:32 | Create | Villager (Male) |
| 23:36 | Build | Farm |
| 23:51 | Build | Palisade Wall |
| 23:54 | Build | Palisade Wall |
| 23:56 | Build | Palisade Wall |
| 23:58 | Build | Palisade Wall |
| 24:14 | Create | Villager (Male) |
| 24:15 | Create | Villager (Male) |
| 24:40 | Create | Villager (Male) |
| 24:40 | Create | Villager (Male) |
| 24:40 | Create | Villager (Male) |
| 24:52 | Build | Mining Camp |
| 24:57 | Research | Stone Mining |
| 25:21 | Build | Blacksmith |
| 25:22 | Build | House |
| 25:47 | Create | Spearman |
| 25:59 | Build | Palisade Wall |
| 26:01 | Build | Palisade Wall |
| 26:10 | Research | Castle Age |
| 26:43 | Build | House |
| 26:52 | Build | House |
| 26:53 | Build | House |
| 26:54 | Build | House |
| 27:23 | Build | Gate |
| 27:32 | Build | Farm |
| 27:38 | Research | Horse Collar |
| 27:56 | Build | Mining Camp |
| 27:58 | Research | Gold Mining |
| 28:49 | Build | House |
| 28:49 | Build | House |
| 29:03 | Build | Siege Workshop |
| 29:17 | Research | Bow Saw |
| 29:19 | Build | Town Center |
| 29:30 | Create | Villager (Male) |
| 29:31 | Create | Villager (Male) |
| 29:34 | Research | Heavy Plow |
| 29:35 | Create | Villager (Male) |
| 29:36 | Create | Villager (Male) |
| 29:36 | Create | Villager (Male) |
| 29:36 | Create | Villager (Male) |
| 29:36 | Create | Villager (Male) |
| 29:37 | Create | Villager (Male) |
| 29:57 | Create | Villager (Male) |
| 29:58 | Create | Villager (Male) |
| 30:02 | Create | Mangonel |
Build order — Quagmire
First 150 of 228 actions detected
| 0:22 | Build | Town Center |
| 1:23 | Build | House |
| 1:26 | Build | Palisade Wall |
| 1:30 | Build | Palisade Gate |
| 2:27 | Build | House |
| 2:36 | Create | Villager (Male) |
| 2:37 | Create | Villager (Male) |
| 2:37 | Create | Villager (Male) |
| 2:37 | Create | Villager (Male) |
| 2:55 | Build | Palisade Wall |
| 3:01 | Research | Loom |
| 3:17 | Build | Palisade Wall |
| 3:20 | Build | Palisade Wall |
| 3:22 | Build | Palisade Wall |
| 3:24 | Build | Palisade Wall |
| 3:27 | Build | Palisade Wall |
| 3:35 | Build | Palisade Wall |
| 3:37 | Build | Palisade Wall |
| 3:46 | Build | Palisade Wall |
| 3:52 | Build | Palisade Wall |
| 3:53 | Build | Palisade Wall |
| 4:14 | Build | Palisade Wall |
| 4:14 | Create | Villager (Male) |
| 5:34 | Create | Villager (Male) |
| 5:40 | Create | Villager (Male) |
| 5:52 | Build | Palisade Wall |
| 6:06 | Build | Palisade Wall |
| 6:09 | Build | Palisade Wall |
| 6:10 | Build | Palisade Wall |
| 6:16 | Build | Palisade Wall |
| 6:20 | Build | Palisade Wall |
| 6:22 | Create | Villager (Male) |
| 6:25 | Build | Palisade Wall |
| 6:28 | Build | Palisade Wall |
| 6:31 | Build | Palisade Wall |
| 6:34 | Build | Palisade Wall |
| 6:38 | Build | Palisade Wall |
| 6:39 | Build | Palisade Wall |
| 6:41 | Create | Villager (Male) |
| 6:41 | Create | Villager (Male) |
| 6:58 | Build | Palisade Wall |
| 7:04 | Create | Villager (Male) |
| 7:04 | Create | Villager (Male) |
| 7:47 | Create | Villager (Male) |
| 7:58 | Build | House |
| 8:23 | Create | Villager (Male) |
| 8:27 | Create | Villager (Male) |
| 8:32 | Create | Villager (Male) |
| 8:42 | Build | Mill |
| 8:56 | Create | Villager (Male) |
| 9:08 | Create | Villager (Male) |
| 9:11 | Create | Villager (Male) |
| 9:28 | Create | Villager (Male) |
| 9:30 | Create | Villager (Male) |
| 9:37 | Build | House |
| 9:39 | Build | House |
| 9:50 | Build | Palisade Wall |
| 10:36 | Build | Palisade Wall |
| 10:37 | Build | Palisade Wall |
| 10:41 | Create | Villager (Male) |
| 10:47 | Create | Villager (Male) |
| 10:47 | Create | Villager (Male) |
| 10:57 | Build | Palisade Wall |
| 11:13 | Build | Palisade Gate |
| 11:19 | Build | Palisade Wall |
| 11:23 | Create | Villager (Male) |
| 11:29 | Build | Palisade Wall |
| 11:30 | Build | Palisade Wall |
| 11:31 | Build | Palisade Wall |
| 11:33 | Build | Palisade Wall |
| 11:45 | Create | Villager (Male) |
| 11:46 | Build | Lumber Camp |
| 12:09 | Build | Palisade Wall |
| 12:38 | Build | Palisade Wall |
| 12:40 | Build | Palisade Wall |
| 12:41 | Build | Palisade Wall |
| 12:47 | Build | Mill |
| 13:21 | Research | Feudal Age |
| 13:32 | Create | Villager (Male) |
| 13:50 | Build | House |
| 14:25 | Build | Farm |
| 14:26 | Build | Farm |
| 14:32 | Create | Villager (Male) |
| 14:43 | Build | Farm |
| 14:44 | Build | Farm |
| 14:48 | Create | Villager (Male) |
| 14:55 | Create | Villager (Male) |
| 15:04 | Create | Villager (Male) |
| 15:17 | Create | Villager (Male) |
| 15:26 | Build | House |
| 15:30 | Build | House |
| 15:31 | Age | Feudal Age |
| 15:33 | Build | Palisade Wall |
| 15:35 | Build | Palisade Wall |
| 15:37 | Build | Palisade Wall |
| 15:48 | Create | Villager (Male) |
| 16:01 | Build | Watch Tower |
| 16:12 | Create | Villager (Male) |
| 16:33 | Build | Mill |
| 16:46 | Create | Villager (Male) |
| 16:51 | Build | Palisade Wall |
| 17:19 | Build | Market |
| 17:27 | Create | Villager (Male) |
| 17:36 | Build | Mill |
| 17:54 | Create | Villager (Male) |
| 18:39 | Build | Blacksmith |
| 18:41 | Build | House |
| 19:11 | Create | Villager (Male) |
| 19:18 | Build | Barracks |
| 19:28 | Create | Villager (Male) |
| 19:49 | Build | Farm |
| 19:50 | Research | Castle Age |
| 20:00 | Build | Mining Camp |
| 20:09 | Create | Villager (Male) |
| 20:29 | Create | Villager (Male) |
| 20:37 | Build | Stone Wall |
| 21:04 | Build | Stone Wall |
| 21:24 | Create | Villager (Male) |
| 21:46 | Create | Villager (Male) |
| 21:55 | Build | Gate |
| 21:59 | Build | Mining Camp |
| 22:07 | Create | Villager (Male) |
| 22:23 | Build | House |
| 22:30 | Age | Castle Age |
| 22:38 | Build | Siege Workshop |
| 22:55 | Build | House |
| 23:01 | Build | Gate |
| 23:04 | Build | House |
| 23:09 | Create | Mangonel |
| 23:09 | Create | Mangonel |
| 23:14 | Research | Fletching |
| 23:15 | Create | Villager (Male) |
| 23:25 | Build | Lumber Camp |
| 23:28 | Create | Villager (Male) |
| 23:33 | Build | Stone Wall |
| 23:44 | Create | Villager (Male) |
| 24:16 | Build | Stone Wall |
| 24:22 | Build | Stone Wall |
| 24:28 | Build | Town Center |
| 24:36 | Create | Villager (Male) |
| 25:03 | Create | Scorpion |
| 25:03 | Create | Scorpion |
| 25:13 | Create | Villager (Male) |
| 25:33 | Create | Villager (Male) |
| 25:35 | Create | Villager (Male) |
| 25:53 | Build | Archery Range |
| 26:00 | Create | Villager (Male) |
| 26:08 | Create | Villager (Male) |
| 26:15 | Build | Farm |
| 26:17 | Build | Farm |
Build order — W
First 150 of 224 actions detected
| 0:05 | Build | Town Center |
| 1:51 | Build | House |
| 1:51 | Build | House |
| 1:56 | Build | House |
| 1:57 | Build | House |
| 2:24 | Create | Villager (Male) |
| 2:24 | Create | Villager (Male) |
| 2:40 | Create | Villager (Male) |
| 2:43 | Create | Villager (Male) |
| 3:16 | Research | Loom |
| 4:12 | Create | Villager (Male) |
| 4:53 | Build | House |
| 4:58 | Create | Villager (Male) |
| 5:18 | Create | Villager (Male) |
| 5:44 | Create | Villager (Male) |
| 6:14 | Create | Villager (Male) |
| 6:14 | Create | Villager (Male) |
| 6:15 | Create | Villager (Male) |
| 6:22 | Build | House |
| 6:40 | Create | Villager (Male) |
| 6:48 | Build | House |
| 7:05 | Create | Villager (Male) |
| 7:09 | Build | House |
| 7:15 | Create | Villager (Male) |
| 7:52 | Create | Villager (Male) |
| 8:05 | Create | Villager (Male) |
| 8:25 | Build | House |
| 8:30 | Create | Villager (Male) |
| 9:36 | Create | Villager (Male) |
| 9:37 | Build | Mill |
| 9:52 | Create | Villager (Male) |
| 10:39 | Create | Villager (Male) |
| 10:49 | Build | Mining Camp |
| 11:01 | Create | Villager (Male) |
| 11:24 | Create | Villager (Male) |
| 11:38 | Research | Feudal Age |
| 11:49 | Create | Villager (Male) |
| 11:50 | Create | Villager (Male) |
| 12:54 | Create | Villager (Male) |
| 13:02 | Build | House |
| 13:12 | Create | Villager (Male) |
| 14:04 | Age | Feudal Age |
| 14:08 | Build | Market |
| 14:11 | Build | Blacksmith |
| 14:57 | Create | Villager (Male) |
| 15:04 | Build | House |
| 15:22 | Build | Lumber Camp |
| 15:33 | Research | Castle Age |
| 16:52 | Research | Double-Bit Axe |
| 17:31 | Research | Horse Collar |
| 17:35 | Build | Farm |
| 17:38 | Build | Farm |
| 17:40 | Build | Farm |
| 17:42 | Build | Farm |
| 17:46 | Build | Farm |
| 18:02 | Create | Villager (Male) |
| 18:03 | Create | Villager (Male) |
| 18:13 | Age | Castle Age |
| 18:17 | Build | Siege Workshop |
| 19:01 | Create | Mangonel |
| 19:24 | Create | Villager (Male) |
| 19:25 | Create | Villager (Male) |
| 19:27 | Build | Monastery |
| 19:54 | Create | Villager (Male) |
| 20:03 | Create | Mangonel |
| 20:12 | Build | House |
| 20:13 | Build | House |
| 20:15 | Create | Monk |
| 20:25 | Build | Farm |
| 20:30 | Create | Villager (Male) |
| 20:37 | Build | House |
| 20:39 | Build | House |
| 20:39 | Build | House |
| 20:42 | Create | Villager (Male) |
| 20:57 | Create | Villager (Male) |
| 21:10 | Build | Barracks |
| 21:17 | Create | Villager (Male) |
| 21:24 | Create | Monk |
| 21:33 | Build | Barracks |
| 21:47 | Create | Villager (Male) |
| 21:49 | Build | Town Center |
| 22:30 | Build | Stable |
| 22:36 | Create | Villager (Male) |
| 22:50 | Create | Villager (Male) |
| 22:51 | Build | Farm |
| 23:07 | Create | Villager (Male) |
| 23:39 | Create | Villager (Male) |
| 23:44 | Build | Farm |
| 23:44 | Build | Farm |
| 23:46 | Build | Farm |
| 23:50 | Build | Farm |
| 23:51 | Build | Farm |
| 24:02 | Create | Knight |
| 24:06 | Build | Farm |
| 24:08 | Build | Farm |
| 24:26 | Create | Villager (Male) |
| 24:33 | Create | Monk |
| 24:47 | Create | Villager (Male) |
| 24:56 | Build | Mill |
| 24:57 | Build | Farm |
| 24:57 | Build | Farm |
| 24:57 | Build | Farm |
| 24:58 | Build | Farm |
| 24:58 | Build | Farm |
| 24:58 | Build | Farm |
| 24:58 | Build | Farm |
| 24:59 | Build | Farm |
| 25:19 | Build | Farm |
| 25:21 | Build | Farm |
| 25:25 | Create | Knight |
| 25:49 | Build | Farm |
| 25:57 | Create | Villager (Male) |
| 26:25 | Create | Knight |
| 26:25 | Create | Villager (Male) |
| 26:26 | Create | Villager (Male) |
| 26:38 | Build | House |
| 26:39 | Build | House |
| 26:40 | Build | House |
| 26:40 | Build | House |
| 26:41 | Build | House |
| 27:04 | Build | Farm |
| 27:06 | Create | Villager (Male) |
| 27:06 | Create | Villager (Male) |
| 27:07 | Create | Villager (Male) |
| 27:11 | Build | Farm |
| 27:39 | Create | Villager (Male) |
| 27:40 | Create | Villager (Male) |
| 27:41 | Create | Villager (Male) |
| 27:42 | Research | Wheelbarrow |
| 27:52 | Create | Monk |
| 27:53 | Create | Villager (Male) |
| 27:58 | Build | Town Center |
| 28:21 | Create | Knight |
| 28:21 | Create | Knight |
| 28:24 | Create | Villager (Male) |
| 28:31 | Create | Villager (Male) |
| 28:34 | Create | Villager (Male) |
| 28:56 | Create | Villager (Male) |
| 29:07 | Create | Villager (Male) |
| 29:09 | Create | Villager (Male) |
| 29:18 | Create | Knight |
| 29:20 | Create | Villager (Male) |
| 29:20 | Create | Villager (Male) |
| 29:56 | Create | Villager (Male) |
| 29:57 | Create | Villager (Male) |
| 30:08 | Build | Farm |
| 30:08 | Build | Farm |
| 30:11 | Build | Mill |
| 30:13 | Build | Farm |
| 30:13 | Build | Farm |
Build order — HuntTreesMineDocksBendStone
First 150 of 202 actions detected
| 0:55 | Build | Town Center |
| 1:47 | Build | Mill |
| 1:55 | Build | House |
| 2:50 | Create | Villager (Male) ×4 |
| 3:35 | Build | House |
| 4:28 | Build | House |
| 4:45 | Create | Villager (Male) |
| 4:45 | Create | Villager (Male) |
| 5:00 | Create | Villager (Male) |
| 5:00 | Create | Villager (Male) |
| 5:09 | Build | House |
| 5:20 | Build | House |
| 5:33 | Create | Villager (Male) |
| 5:47 | Create | Villager (Male) |
| 6:02 | Create | Villager (Male) |
| 6:02 | Create | Villager (Male) |
| 6:13 | Create | Villager (Male) |
| 6:13 | Create | Villager (Male) |
| 6:20 | Build | House |
| 6:35 | Build | House |
| 6:42 | Build | House |
| 6:51 | Build | House |
| 7:07 | Create | Villager (Male) |
| 7:22 | Create | Villager (Male) |
| 7:22 | Create | Villager (Male) |
| 7:23 | Create | Villager (Male) |
| 7:55 | Create | Villager (Male) |
| 8:28 | Create | Villager (Male) |
| 8:44 | Build | Mill |
| 9:06 | Create | Villager (Male) |
| 9:44 | Create | Villager (Male) |
| 10:16 | Create | Villager (Male) |
| 10:19 | Research | Loom |
| 10:22 | Build | House |
| 10:45 | Create | Villager (Male) |
| 10:45 | Create | Villager (Male) |
| 10:49 | Build | Lumber Camp |
| 11:08 | Create | Villager (Male) |
| 11:18 | Build | House |
| 11:48 | Build | Mining Camp |
| 11:51 | Research | Feudal Age |
| 13:15 | Create | Villager (Male) |
| 13:15 | Create | Villager (Male) |
| 14:10 | Age | Feudal Age |
| 14:17 | Build | Blacksmith |
| 14:25 | Build | Market |
| 15:07 | Research | Castle Age |
| 15:08 | Research | Double-Bit Axe |
| 15:10 | Research | Scale Barding Armor |
| 15:11 | Research | Forging |
| 15:39 | Build | Mining Camp |
| 16:23 | Research | Horse Collar |
| 17:09 | Build | House |
| 17:16 | Build | Palisade Gate |
| 17:19 | Build | Palisade Gate |
| 17:24 | Build | Palisade Gate |
| 17:34 | Build | House |
| 17:47 | Age | Castle Age |
| 17:56 | Build | Krepost |
| 17:58 | Create | Villager (Male) |
| 18:04 | Research | Fletching |
| 18:05 | Create | Villager (Male) |
| 18:15 | Build | Farm |
| 18:58 | Create | Villager (Male) |
| 19:00 | Build | Farm |
| 19:27 | Create | Konnik |
| 19:27 | Create | Konnik |
| 19:38 | Create | Konnik |
| 19:41 | Create | Villager (Male) |
| 19:46 | Build | Farm |
| 19:49 | Build | Farm |
| 19:51 | Build | Farm |
| 19:52 | Create | Villager (Male) |
| 20:37 | Build | Farm |
| 20:38 | Create | Villager (Male) |
| 20:41 | Build | Farm |
| 20:49 | Build | Krepost |
| 21:05 | Build | Farm |
| 21:06 | Create | Villager (Male) |
| 21:06 | Create | Villager (Male) |
| 21:20 | Build | Farm |
| 22:15 | Create | Konnik |
| 22:29 | Create | Villager (Male) |
| 22:32 | Build | Siege Workshop |
| 22:48 | Create | Villager (Male) |
| 22:52 | Build | Farm |
| 22:54 | Research | Bodkin Arrow |
| 23:06 | Build | Lumber Camp |
| 23:09 | Create | Mangonel |
| 23:11 | Create | Villager (Male) |
| 23:43 | Create | Konnik |
| 23:59 | Create | Villager (Male) |
| 24:02 | Build | Farm |
| 24:05 | Build | Farm |
| 24:09 | Create | Villager (Male) |
| 24:26 | Build | Town Center |
| 24:40 | Research | Bow Saw |
| 24:59 | Create | Villager (Male) |
| 25:04 | Build | Farm |
| 25:32 | Create | Villager (Male) |
| 25:33 | Create | Villager (Male) |
| 25:47 | Create | Villager (Male) |
| 25:47 | Create | Villager (Male) |
| 25:52 | Build | Town Center |
| 25:58 | Create | Villager (Male) |
| 26:51 | Create | Villager (Male) |
| 26:52 | Create | Villager (Male) |
| 26:53 | Create | Villager (Male) |
| 26:55 | Build | Farm |
| 26:56 | Build | Farm |
| 26:58 | Build | Farm |
| 26:59 | Build | Farm |
| 27:01 | Build | Farm |
| 27:06 | Build | Farm |
| 27:08 | Build | Farm |
| 27:10 | Create | Villager (Male) |
| 27:12 | Create | Villager (Male) |
| 27:17 | Build | Farm |
| 27:20 | Create | Villager (Male) |
| 27:23 | Create | Villager (Male) |
| 27:31 | Build | Farm |
| 27:48 | Create | Battering Ram |
| 27:52 | Create | Villager (Male) |
| 28:05 | Build | Farm |
| 28:06 | Build | Farm |
| 28:08 | Create | Villager (Male) |
| 28:08 | Create | Villager (Male) |
| 28:09 | Create | Villager (Male) |
| 28:12 | Build | Farm |
| 28:14 | Build | Farm |
| 28:18 | Build | Farm |
| 28:18 | Create | Villager (Male) |
| 28:21 | Build | Farm |
| 28:21 | Create | Villager (Male) |
| 28:29 | Research | Wheelbarrow |
| 28:32 | Create | Villager (Male) |
| 28:37 | Build | Farm |
| 29:01 | Create | Villager (Male) |
| 29:04 | Build | Farm |
| 29:05 | Build | Farm |
| 29:06 | Create | Villager (Male) |
| 29:08 | Create | Villager (Male) |
| 29:10 | Build | Farm |
| 29:12 | Build | Farm |
| 29:14 | Build | Farm |
| 29:16 | Build | Farm |
| 29:24 | Create | Villager (Male) |
| 29:43 | Create | Villager (Male) |
| 29:50 | Create | Villager (Male) |
| 29:52 | Create | Villager (Male) |
Build order —
59 actions detected in the replay
| 0:08 | Build | Town Center |
| 2:16 | Build | House |
| 2:41 | Research | Tech None |
| 4:22 | Build | Lumber Camp |
| 4:47 | Build | House |
| 5:14 | Build | Mill |
| 7:17 | Build | House |
| 8:37 | Build | Lumber Camp |
| 10:10 | Research | Tech None |
| 10:17 | Build | Farm |
| 10:18 | Build | Farm |
| 11:30 | Build | Mining Camp |
| 12:20 | Research | Tech None |
| 12:21 | Research | Tech None |
| 13:08 | Research | Tech None |
| 13:36 | Build | House |
| 13:36 | Build | House |
| 13:37 | Build | House |
| 13:50 | Build | Farm |
| 14:08 | Build | Farm |
| 14:13 | Build | Farm |
| 14:39 | Build | Farm |
| 15:26 | Build | Barracks |
| 15:34 | Build | Watch Tower |
| 16:59 | Build | Archery Range |
| 17:19 | Build | House |
| 17:19 | Create | Spearman |
| 17:58 | Build | House |
| 18:35 | Create | Spearman |
| 19:03 | Build | Blacksmith |
| 19:19 | Build | Farm |
| 19:36 | Create | Spearman |
| 19:48 | Build | Farm |
| 20:10 | Build | House |
| 20:14 | Build | Farm |
| 20:38 | Build | Farm |
| 21:00 | Build | Farm |
| 21:27 | Build | Market |
| 21:54 | Build | Farm |
| 22:22 | Build | Archery Range |
| 22:45 | Build | House |
| 23:09 | Build | Farm |
| 23:12 | Build | Farm |
| 23:32 | Build | House |
| 24:02 | Research | Tech None |
| 24:04 | Build | Lumber Camp |
| 25:03 | Build | House |
| 25:57 | Build | Farm |
| 25:59 | Build | Farm |
| 26:00 | Build | Farm |
| 26:04 | Build | Farm |
| 26:10 | Research | Tech None |
| 26:34 | Build | Stable |
| 26:42 | Build | Farm |
| 28:08 | Build | Town Center |
| 28:10 | Build | Lumber Camp |
| 30:10 | Build | Town Center |
| 32:11 | Build | Town Center |
| 34:12 | Build | Town Center |
Build order —
62 actions detected in the replay
| 0:16 | Build | Town Center |
| 2:07 | Build | Lumber Camp |
| 2:07 | Build | House |
| 2:46 | Build | Mill |
| 4:29 | Research | Tech None |
| 4:46 | Build | House |
| 6:00 | Build | Farm |
| 6:45 | Build | House |
| 7:03 | Build | Palisade Wall |
| 7:06 | Build | Farm |
| 8:48 | Build | Lumber Camp |
| 8:50 | Build | House |
| 9:51 | Research | Tech None |
| 10:06 | Build | Lumber Camp |
| 10:57 | Build | Mining Camp |
| 11:56 | Build | Barracks |
| 12:25 | Research | Tech None |
| 12:53 | Research | Tech None |
| 12:55 | Build | House |
| 13:52 | Build | Archery Range |
| 14:05 | Create | Spearman |
| 14:24 | Create | Spearman |
| 14:24 | Build | House |
| 14:36 | Build | Farm |
| 14:59 | Build | Farm |
| 15:17 | Build | Farm |
| 15:22 | Build | House |
| 15:39 | Build | Farm |
| 16:01 | Research | Tech None |
| 16:01 | Build | Farm |
| 16:09 | Build | House |
| 16:37 | Build | Farm |
| 16:59 | Build | Barracks |
| 17:03 | Build | Farm |
| 17:36 | Build | Watch Tower |
| 17:40 | Research | Tech None |
| 17:48 | Create | Skirmisher |
| 18:06 | Build | Farm |
| 18:08 | Build | House |
| 18:34 | Build | House |
| 18:35 | Build | Farm |
| 18:58 | Build | House |
| 19:07 | Build | Farm |
| 19:17 | Build | Blacksmith |
| 19:26 | Build | House |
| 19:26 | Build | Palisade Wall |
| 19:40 | Build | Farm |
| 19:48 | Research | Tech None |
| 19:53 | Build | Farm |
| 20:08 | Build | Farm |
| 20:11 | Research | Tech None |
| 20:16 | Create | Spearman |
| 20:17 | Create | Spearman |
| 20:37 | Create | Spearman |
| 20:38 | Create | Spearman |
| 21:13 | Build | House |
| 21:31 | Research | Tech None |
| 22:15 | Build | Lumber Camp |
| 27:12 | Research | Tech None |
| 27:14 | Create | Spearman |
| 30:35 | Build | Town Center |
| 33:04 | Build | Mill |
Build order —
45 actions detected in the replay
| 0:08 | Build | Town Center |
| 2:11 | Build | Mill |
| 2:12 | Build | Lumber Camp |
| 2:13 | Build | House |
| 3:14 | Research | Tech None |
| 6:49 | Build | House |
| 8:21 | Build | Farm |
| 8:50 | Build | House |
| 9:39 | Build | Lumber Camp |
| 9:58 | Research | Tech None |
| 10:37 | Build | Mining Camp |
| 11:47 | Build | Barracks |
| 11:47 | Build | Palisade Wall |
| 12:17 | Research | Tech None |
| 12:37 | Research | Tech None |
| 12:48 | Build | House |
| 13:42 | Build | Archery Range |
| 13:56 | Build | House |
| 14:08 | Build | Farm |
| 14:11 | Build | Farm |
| 14:13 | Create | Spearman |
| 14:20 | Build | Watch Tower |
| 14:41 | Build | Farm |
| 15:07 | Build | Farm |
| 15:10 | Build | House |
| 15:34 | Build | Farm |
| 16:03 | Build | Farm |
| 16:19 | Build | House |
| 16:29 | Build | Farm |
| 16:38 | Create | Spearman |
| 17:25 | Build | Farm |
| 17:38 | Build | House |
| 18:01 | Build | Farm |
| 18:04 | Create | Spearman |
| 18:43 | Build | House |
| 19:42 | Build | Farm |
| 28:35 | Research | Tech None |
| 28:37 | Build | Lumber Camp |
| 28:43 | Build | Lumber Camp |
| 28:44 | Build | Lumber Camp |
| 29:05 | Build | Lumber Camp |
| 30:44 | Build | Lumber Camp |
| 30:53 | Build | Lumber Camp |
| 30:56 | Build | Lumber Camp |
| 31:03 | Build | House |
Build order —
76 actions detected in the replay
| 0:16 | Build | Town Center |
| 2:23 | Build | House |
| 2:49 | Research | Tech None |
| 4:30 | Build | Lumber Camp |
| 4:54 | Build | House |
| 6:30 | Build | Mill |
| 7:18 | Build | Lumber Camp |
| 7:51 | Build | House |
| 7:52 | Build | Farm |
| 8:31 | Build | Lumber Camp |
| 10:34 | Build | Farm |
| 10:41 | Build | House |
| 11:24 | Build | Farm |
| 11:50 | Build | Farm |
| 12:18 | Build | Farm |
| 12:41 | Build | Farm |
| 12:44 | Build | Mining Camp |
| 12:46 | Build | House |
| 13:05 | Research | Tech None |
| 13:24 | Build | Barracks |
| 15:22 | Create | Spearman |
| 15:22 | Build | Farm |
| 15:24 | Research | Tech None |
| 15:24 | Build | Farm |
| 15:25 | Build | Archery Range |
| 15:42 | Build | House |
| 15:45 | Build | Farm |
| 15:47 | Build | Farm |
| 15:50 | Build | Farm |
| 16:02 | Build | Watch Tower |
| 16:13 | Research | Tech None |
| 16:19 | Create | Spearman |
| 16:36 | Build | Farm |
| 16:38 | Build | House |
| 16:56 | Build | Farm |
| 17:27 | Build | Farm |
| 17:48 | Build | Farm |
| 18:17 | Create | Skirmisher |
| 19:07 | Build | Farm |
| 19:10 | Build | Blacksmith |
| 19:28 | Build | Farm |
| 19:33 | Build | Farm |
| 19:42 | Build | House |
| 20:06 | Build | Farm |
| 20:08 | Build | Farm |
| 20:48 | Research | Tech None |
| 20:48 | Build | Farm |
| 20:51 | Build | Farm |
| 20:58 | Build | House |
| 21:11 | Build | Lumber Camp |
| 21:38 | Build | Lumber Camp |
| 22:16 | Create | Archer |
| 22:16 | Create | Skirmisher |
| 22:30 | Build | Market |
| 23:04 | Build | Barracks |
| 23:38 | Build | Barracks |
| 23:55 | Create | Skirmisher |
| 24:30 | Build | Market |
| 24:40 | Research | Tech None |
| 24:43 | Build | Market |
| 25:01 | Build | Market |
| 25:41 | Build | Market |
| 25:57 | Create | Spearman |
| 26:04 | Create | Spearman |
| 26:19 | Create | Spearman |
| 26:35 | Create | Skirmisher |
| 26:47 | Create | Spearman |
| 27:27 | Create | Spearman |
| 27:42 | Create | Spearman |
| 28:02 | Create | Spearman |
| 28:08 | Create | Spearman |
| 28:35 | Create | Spearman |
| 29:02 | Create | Spearman |
| 29:29 | Create | Spearman |
| 30:02 | Create | Spearman |
| 30:26 | Create | Spearman |
Match timeline
| 1:26 | Quagmire · wall_segment Palisade Wall x4 |
| 2:55 | Quagmire · wall_segment Palisade Wall x4 |
| 3:17 | Quagmire · wall_segment Palisade Wall x1 |
| 3:20 | Quagmire · wall_segment Palisade Wall x1 |
| 3:22 | Quagmire · wall_segment Palisade Wall x1 |
| 3:24 | Quagmire · wall_segment Palisade Wall x1 |
| 3:27 | Quagmire · wall_segment Palisade Wall x1 |
| 3:35 | Quagmire · wall_segment Palisade Wall x1 |
| 3:37 | Quagmire · wall_segment Palisade Wall x1 |
| 3:46 | Quagmire · wall_segment Palisade Wall x1 |
| 3:52 | Quagmire · wall_segment Palisade Wall x4 |
| 3:53 | Quagmire · wall_segment Palisade Wall x1 |
| 4:14 | Quagmire · wall_segment Palisade Wall x1 |
| 5:52 | Quagmire · wall_segment Palisade Wall x1 |
| 6:06 | Quagmire · wall_segment Palisade Wall x1 |
| 6:09 | Quagmire · wall_segment Palisade Wall x1 |
| 6:10 | Quagmire · wall_segment Palisade Wall x1 |
| 6:16 | Quagmire · wall_segment Palisade Wall x1 |
| 6:20 | Quagmire · wall_segment Palisade Wall x1 |
| 6:25 | Quagmire · wall_segment Palisade Wall x1 |
| 6:28 | Quagmire · wall_segment Palisade Wall x1 |
| 6:31 | Quagmire · wall_segment Palisade Wall x1 |
| 6:34 | Quagmire · wall_segment Palisade Wall x1 |
| 6:38 | Quagmire · wall_segment Palisade Wall x1 |
| 6:39 | Quagmire · wall_segment Palisade Wall x1 |
| 6:58 | Quagmire · wall_segment Palisade Wall x1 |
| 7:03 | · wall_segment Palisade Wall x2 |
| 9:50 | Quagmire · wall_segment Palisade Wall x3 |
| 10:36 | Quagmire · wall_segment Palisade Wall x1 |
| 10:37 | Quagmire · wall_segment Palisade Wall x1 |
| 10:57 | Quagmire · wall_segment Palisade Wall x1 |
| 11:19 | Quagmire · wall_segment Palisade Wall x1 |
| 11:29 | Quagmire · wall_segment Palisade Wall x1 |
| 11:30 | Quagmire · wall_segment Palisade Wall x1 |
| 11:31 | Quagmire · wall_segment Palisade Wall x1 |
| 11:33 | Quagmire · wall_segment Palisade Wall x1 |
| 11:47 | · first_building Barracks |
| 11:47 | · wall_segment Palisade Wall x2 |
| 11:56 | · first_building Barracks |
| 12:09 | Quagmire · wall_segment Palisade Wall x1 |
| 12:38 | Quagmire · wall_segment Palisade Wall x1 |
| 12:40 | Quagmire · wall_segment Palisade Wall x1 |
| 12:41 | Quagmire · wall_segment Palisade Wall x1 |
| 13:24 | · first_building Barracks |
| 13:42 | · first_building Archery Range |
| 13:52 | · first_building Archery Range |
| 14:04 | W · age_up feudal |
| 14:10 | HuntTreesMineDocksBendStone · age_up feudal |
| 14:23 | Arawak7629 · wall_segment Palisade Wall x1 |
| 14:25 | Arawak7629 · wall_segment Palisade Wall x1 |
| 14:27 | Arawak7629 · wall_segment Palisade Wall x1 |
| 14:29 | Arawak7629 · wall_segment Palisade Wall x1 |
| 14:30 | Arawak7629 · wall_segment Palisade Wall x1 |
| 14:34 | Arawak7629 · wall_segment Palisade Wall x1 |
| 14:38 | Arawak7629 · wall_segment Palisade Wall x1 |
| 14:38 | Arawak7629 · wall_segment Palisade Wall x1 |
| 14:52 | Arawak7629 · wall_segment Palisade Wall x1 |
| 15:03 | Arawak7629 · wall_segment Palisade Wall x1 |
| 15:25 | · first_building Archery Range |
| 15:26 | · first_building Barracks |
| 15:31 | Quagmire · age_up feudal |
| 15:33 | Quagmire · wall_segment Palisade Wall x1 |
| 15:35 | Quagmire · wall_segment Palisade Wall x1 |
| 15:37 | Quagmire · wall_segment Palisade Wall x1 |
| 16:01 | Arawak7629 · wall_segment Palisade Wall x1 |
| 16:03 | Arawak7629 · wall_segment Palisade Wall x2 |
| 16:43 | Arawak7629 · wall_segment Palisade Wall x1 |
| 16:51 | Quagmire · wall_segment Palisade Wall x1 |
| 16:59 | · first_building Archery Range |
| 17:10 | Arawak7629 · wall_segment Palisade Wall x1 |
| 17:16 | Arawak7629 · wall_segment Palisade Wall x1 |
| 17:47 | HuntTreesMineDocksBendStone · age_up castle |
| 17:56 | HuntTreesMineDocksBendStone · first_building Krepost |
| 18:13 | W · age_up castle |
| 18:17 | W · first_building Siege Workshop |
| 18:36 | Arawak7629 · wall_segment Palisade Wall x1 |
| 18:59 | W · first_market_buy 100 wood |
| 19:18 | Quagmire · first_building Barracks |
| 19:26 | · wall_segment Palisade Wall x2 |
| 19:27 | W · first_building Monastery |
| 19:42 | Arawak7629 · wall_segment Palisade Wall x6 |
| 20:14 | Arawak7629 · first_building Barracks |
| 20:37 | Quagmire · wall_segment Stone Wall x6 |
| 21:04 | Quagmire · wall_segment Stone Wall x9 |
| 21:10 | W · first_building Barracks |
| 22:15 | Arawak7629 · wall_segment Palisade Wall x1 |
| 22:30 | W · first_building Stable |
| 22:30 | Quagmire · age_up castle |
| 22:32 | HuntTreesMineDocksBendStone · first_building Siege Workshop |
| 22:38 | Quagmire · first_building Siege Workshop |
| 23:17 | Arawak7629 · wall_segment Palisade Wall x1 |
| 23:19 | Arawak7629 · wall_segment Palisade Wall x1 |
| 23:21 | Arawak7629 · wall_segment Palisade Wall x1 |
| 23:22 | Arawak7629 · wall_segment Palisade Wall x1 |
| 23:33 | Quagmire · wall_segment Stone Wall x5 |
| 23:48 | · first_market_buy 100 food |
| 23:51 | Arawak7629 · wall_segment Palisade Wall x1 |
| 23:54 | Arawak7629 · wall_segment Palisade Wall x1 |
| 23:56 | Arawak7629 · wall_segment Palisade Wall x1 |
| 23:58 | Arawak7629 · wall_segment Palisade Wall x1 |
| 24:16 | Quagmire · wall_segment Stone Wall x2 |
| 24:22 | Quagmire · wall_segment Stone Wall x7 |
| 25:03 | · first_market_sell 100 wood |
| 25:53 | Quagmire · first_building Archery Range |
| 25:59 | Arawak7629 · wall_segment Palisade Wall x1 |
| 26:01 | Arawak7629 · wall_segment Palisade Wall x1 |
| 26:34 | · first_building Stable |
| 27:45 | HuntTreesMineDocksBendStone · first_market_buy 100 wood |
| 27:53 | Quagmire · first_building Castle |
| 29:03 | Arawak7629 · first_building Siege Workshop |
| 31:20 | HuntTreesMineDocksBendStone · first_building Monastery |
| 32:44 | W · first_market_sell 100 food |
| 34:08 | HuntTreesMineDocksBendStone · first_building Castle |
| 35:20 | HuntTreesMineDocksBendStone · age_up imperial |
| 35:32 | HuntTreesMineDocksBendStone · first_market_sell 500 wood |
| 35:37 | Quagmire · wall_segment Stone Wall x3 |
| 35:41 | · resign |
[ AI ANALYSIS · 1 CREDIT ]
What really happened in this match?
Wolo.gg analyzes every decision: build order, eco, micro, common mistakes by bracket. Personalized analysis on WhatsApp or Discord in 30 seconds.
Civ guide
Wu
Map guide
Land Nomad
Perfil
Arawak7629